 Dungeon Crawl Stone Soup version 0.29.1-2-gbd0b4ee654 (webtiles) character file.

Game seed: 5166919605899338608

178 GorkyZ the Ducker (level 5, -2/41 HPs)
             Began as a Formicid Gladiator on Nov 21, 2022.
             Slain by a gnoll
             ... wielding a +0 whip
              (6 damage)
             ... on level 3 of the Dungeon.
             The game lasted 00:08:41 (2843 turns).

GorkyZ the Ducker (Formicid Gladiator)              Turns: 2843, Time: 00:08:42

Health: -2/41      AC:  8    Str: 21    XL:     5   Next: 89%
Magic:  5/5        EV: 11    Int:  7    God:
Gold:   79         SH:  8    Dex: 15    Spells: 4/4 levels left

rFire   + . .      SeeInvis +   a - +0 quarterstaff
rCold   + . .      Faith    .   l - +0 kite shield
rNeg    . . .      Spirit   .   j - +0 chain mail
rPois   .          Reflect  .   (helmet unavailable)
rElec   .          Harm     .   s - scarf {rC+ rF+}
rCorr   .          Rampage  .   (no gloves)
Will    .....                   (no boots)
Stlth   ..........              (no amulet)
HPRegen 0.13/turn               p - +4 ring of evasion
MPRegen 0.09/turn               (no ring)

@: no status effects
A: permanent stasis, dig shafts and tunnels, antennae 3, four strong arms
a: Dig, Shaft Self


You were on level 3 of the Dungeon.
You visited 1 branch of the dungeon, and saw 3 of its levels.

You collected 79 gold pieces.

Inventory:

Hand Weapons
 a - a +0 quarterstaff (weapon)
 f - a +0 hand axe
Missiles
 c - 3 throwing nets (quivered)
 d - a javelin
Armour
 b - a +0 leather armour
 j - a +0 chain mail (worn)
 l - a +0 kite shield (worn)
 s - a scarf of resistance (worn)
Jewellery
 p - a +4 ring of evasion (left hand)
Scrolls
 e - 5 scrolls of identify {unknown}
 n - a scroll of fear {unknown}
 o - a scroll of enchant armour {unknown}
 q - a scroll of magic mapping {unknown}
 r - a scroll of noise {unknown}
 t - a scroll of summoning {unknown}
 u - a scroll of vulnerability {unknown}
Potions
 g - a potion of haste {unknown}
 h - 4 potions of curing {unknown}
 i - 2 potions of brilliance {unknown}
 k - a potion of flight {unknown}
 m - 2 potions of might {unknown}


   Skills:
 + Level 3.1 Fighting
 + Level 1.1(2.2) Polearms
 - Level 3.0(3.1) Staves
 + Level 2.7 Throwing
 + Level 1.9 Armour
 + Level 3.3 Dodging
 + Level 2.4 Shields
 + Level 1.7 Evocations


You had 4 spell levels left.
You didn't know any spells.
Your spell library contained the following spells:

 Spells                   Type           Power      Damage    Failure   Level
 Lesser Beckoning         Tloc           0%         N/A       100%        3
 Manifold Assault         Tloc           0%         N/A       100%        5
 Blink                    Tloc           Unusable   N/A       N/A         2

Dungeon Overview and Level Annotations

Branches:
Dungeon (3/15)

Altars:


Innate Abilities, Weirdness & Mutations

You cannot be hasted, slowed, berserked, paralysed or teleported.
You can dig through walls and to a lower floor.
You have a pair of large antennae on your head. (SInv)
Your four strong arms can wield two-handed weapons with a shield.


Message History

The gnoll is heavily wounded.
The gnoll hits you with a +0 flail! The gnoll hits you with a +0 whip.
You thump the gnoll!
You kill the gnoll!
The gnoll completely misses you.
You hit the gnoll.
The gnoll is moderately wounded.
The gnoll hits you but does no damage. x2
You barely miss the gnoll.
The gnoll is moderately wounded.
The gnoll hits you but does no damage. The gnoll closely misses you.
The gnoll misses you. The gnoll hits you with a +0 whip!
* * * LOW HITPOINT WARNING * * *
You hit the gnoll but do no damage.
The gnoll is moderately wounded.
You block the gnoll's attack. The gnoll hits you with a +0 whip.
* * * LOW HITPOINT WARNING * * *
You sock the gnoll!
You kill the gnoll!
You block the gnoll's attack.
You sock the gnoll!
The gnoll is heavily wounded.
The gnoll barely misses you. x2; You block the gnoll's attack.
The gnoll hits you but does no damage.
You closely miss the gnoll.
The gnoll is heavily wounded.
You block the gnoll's attack. The gnoll barely misses you.
You barely miss the gnoll.
The gnoll is heavily wounded.
The gnoll closely misses you. The gnoll hits you but does no damage.
You thump the gnoll!
You kill the gnoll!
The gnoll hits you with a +0 whip.
* * * LOW HITPOINT WARNING * * *
The gnoll hits you with a +0 whip.
* * * LOW HITPOINT WARNING * * *
You hit the gnoll but do no damage.
The gnoll is severely wounded.
The gnoll hits you with a +0 whip.
You die...

# #.........# #.#
#.........# #.# #######
#.........# #.### #......
##........# #.#.. .......
###....### #.#.. .......
#....# #.#.. #......##
####....# #.#.)
#.......###g.'....# #.#..
#......>..)@##....######'#..
#######.######....#.........
#.# #....#.......†. #g#
#....#......).. #.#
#....#.......). #.#
#....######'### #.# #....#
#)# #.# #.# #.#


You could see a gnoll.

Vanquished Creatures
  9 gnolls (D:3)
  3 adders
  2 dart slugs (D:2)
  4 orcs (D:3)
  3 ball pythons
  4 endoplasms
  3 giant cockroaches
  4 goblins
  6 hobgoblins
  9 kobolds
  4 quokkas
  4 bats
  2 frilled lizards
  3 rats
60 creatures vanquished.

Notes
Turn   | Place    | Note
-------+----------+-------------------------------------------
     0 | D:1      | GorkyZ the Formicid Gladiator began the quest for the Orb.
     0 | D:1      | Reached XP level 1. HP: 16/16 MP: 1/1
    44 | D:1      | Found a faded altar of an unknown god.
   133 | D:1      | Reached XP level 2. HP: 22/22 MP: 2/2
   164 | D:1      | Reached skill level 1 in Shields
   788 | D:2      | Reached XP level 3. HP: 28/28 MP: 3/3
   795 | D:2      | Reached skill level 1 in Armour
  1227 | D:2      | Reached skill level 1 in Evocations
  1233 | D:2      | Reached XP level 4. HP: 23/34 MP: 4/4
  1768 | D:3      | HP: 1/34 [gnoll/+0 flail (4)]
  2073 | D:3      | Reached XP level 5. HP: 28/40 MP: 5/5
  2752 | D:3      | Reached skill level 1 in Polearms
  2843 | D:3      | Slain by a gnoll

Illustrated notes

Levels and vault maps discovered:
D:1:      minmay_arrival_nine_rooms, layout_loops_ring,
          ebering_ecumenical_altar_mist
D:2:      layout_basic
D:3:      layout_basic, chequers_serial_rivers_micro_b

Skill      XL: |  1  2  3  4  5 |
---------------+----------------+-----
Shields        | 1 2 |  2.4
Armour         | 1 |  1.9
Dodging        | 3 |  3.3
Evocations     | 1 |  1.7
Fighting       | 3 |  3.1
Polearms       | 1 |  1.1
Staves         | |  3.0
Throwing       | |  2.7

Action                   |  1- 3 |  4- 6 || total
-------------------------+-------+-------++-------
Melee: Quarterstaff      |    96 |   114 ||   210
Armor: Leather armour    |     8 |       ||     8
       Chain mail        |    49 |    30 ||    79
Dodge: Dodged            |    47 |    50 ||    97
Block: Kite shield       |    39 |    50 ||    89
